 Dungeon Crawl Stone Soup version 0.32-a0-732-ga344392067 (webtiles) character file.

Game seed: 4046910031977784736

15783691 gimp the Conqueror (level 27, 249/249 HPs)
             Began as a Demonspawn Gladiator on Mar 17, 2024.
             Was the Champion of Trog.
             Escaped with the Orb
             ... and 15 runes!
             The game lasted 04:13:46 (98627 turns).

gimp the Conqueror (Demonspawn Gladiator)          Turns: 98627, Time: 04:13:47

Health: 249/249    AC: 42    Str: 28    XL:     27
Magic:  23/23      EV: 29    Int:  9    God:    Trog [******]
Gold:   9598       SH: 28    Dex: 26    Spells: 26/26 levels left

rFire   + + +        a - +8 mithril axe "Arga" {speed, Will+}
rCold   + + .        k - +2 shield of Resistance {rF++ rC++ Will++}
rNeg    + + +        e - +10 storm dragon scales
rPois   +            (helmet unavailable)
rElec   +            q - +2 cloak {rPois}
rCorr   +            J - +2 pair of gloves
SInv    +            o - +1 pair of boots "Niocwi" {Rampage Dex+5}
Will    +++++        z - amulet "Ketiaqad" {Faith rF++ rN+ Dex-2 SInv}
Stlth   +            L - ring "Camea" {rElec rN+ rCorr Str+6 Dex+2}
HPRegen 0.61/turn    i - ring of the Fifty Xenophobes {rPois rN+}
MPRegen 0.18/turn

%: rampage, faith
@: studying Staves
A: horns 3, large bone plates 3, powered by pain 3, spiny 3, corrupting presence
2, word of chaos, thin skeletal structure 2, deterioration 2, dopey 1, mutation
resistance 1, weak 1
0: Orb of Zot
}: 15/15 runes: decaying, slimy, silver, golden, iron, obsidian, icy, bone,
abyssal, demonic, glowing, magical, fiery, dark, gossamer
a: Word of Chaos, Renounce Religion, Berserk, Trog's Hand, Brothers in Arms


You escaped.
You worshipped Trog.
Trog was exalted by your worship.
You visited 17 branches of the dungeon, and saw 86 of its levels.
You visited Pandemonium 1 time, and saw 10 of its levels.
You visited the Abyss 2 times.
You also visited: Ossuary and Wizlab.

You collected 16906 gold pieces.
You spent 7308 gold pieces at shops.

Inventory:

Hand Weapons
 a - the +8 mithril axe "Arga" (weapon) {speed, Will+}
   (Trog gifted it to you on level 3 of the Depths)

   Will+:     It increases your willpower.
 b - a +9 heavy broad axe
Missiles
 d - 11 throwing nets
 A - 8 curare-tipped darts
Armour
 e - +10 storm dragon scales (worn)
 k - the +2 shield of Resistance (worn) {rF++ rC++ Will++}
   (You bought it in a shop on level 15 of the Dungeon)

   rF++:      It greatly protects you from fire.
   rC++:      It greatly protects you from cold.
   Will++:    It greatly increases your willpower.
 o - the +1 pair of boots "Niocwi" (worn) {Rampage Dex+5}
   (You found it on level 10 of the Dungeon)

   Dex+5:     It affects your dexterity (+5).
   Rampage:   It bestows one free step when moving towards enemies.
 q - a +2 cloak of poison resistance (worn)
 v - the +3 crystal plate armour of Dramatic Exits {rN++}
   (You took it off a deep elf master archer on level 3 of the Elven Halls)

   rN++:      It greatly protects you from negative energy.
 J - a +2 pair of gloves (worn)
Jewellery
 i - the ring of the Fifty Xenophobes (right hand) {rPois rN+}
   (You took it off a fire giant on level 1 of the Depths)

   [ring of poison resistance]

   rPois:     It protects you from poison.
   rN+:       It protects you from negative energy.
 p - a ring of protection from cold
 w - a ring of protection from fire
 z - the amulet "Ketiaqad" (around neck) {Faith rF++ rN+ Dex-2 SInv}
   (You bought it in a shop on level 4 of the Depths)

   [amulet of faith]

   Faith:     It allows you to gain divine favour quickly.
   Dex-2:     It affects your dexterity (-2).
   rF++:      It greatly protects you from fire.
   rN+:       It protects you from negative energy.
   SInv:      It lets you see invisible.
 K - a +5 ring of evasion
 L - the ring "Camea" (left hand) {rElec rN+ rCorr Str+6 Dex+2}
   (You took it off a yaktaur on level 5 of the Vaults)

   [ring of strength]

   Str+6:     It affects your strength (+6).
   Dex+2:     It affects your dexterity (+2).
   rElec:     It insulates you from electricity.
   rN+:       It protects you from negative energy.
   rCorr:     It protects you from acid and corrosion.
 M - the amulet of Pual {Reflect rF++ Dex+3 SH+5}
   (You found it in Pandemonium)

   [amulet of reflection]

   Reflect:   It reflects blocked missile attacks.
   Dex+3:     It affects your dexterity (+3).
   rF++:      It greatly protects you from fire.
   SH+5:      It affects your SH (+5).
 S - the ring "Secveotob" {Fly rCorr Int+4 Stlth+}
   (You found it in Pandemonium)

   [ring of resist corrosion]

   Int+4:     It affects your intelligence (+4).
   Fly:       It grants you flight.
   rCorr:     It protects you from acid and corrosion.
   Stlth+:    It makes you more stealthy.
Wands
 c - a wand of flame (140)
 I - a wand of roots (71)
 P - a wand of digging (37)
 Y - a wand of acid (42)
Scrolls
 g - 11 scrolls of teleportation
 j - 5 scrolls of poison
 n - 3 scrolls of blinking
 s - a scroll of summoning
 u - 13 scrolls of immolation
 y - 7 scrolls of fog
 G - 13 scrolls of fear
 U - 9 scrolls of enchant armour
 Z - 7 scrolls of silence
Potions
 l - 9 potions of resistance
 m - 8 potions of curing
 r - 6 potions of magic
 x - 2 potions of heal wounds
 B - 2 potions of cancellation
 C - 10 potions of enlightenment
 D - 11 potions of ambrosia
 E - 25 potions of mutation
 F - 7 potions of invisibility
 N - 5 potions of might
Miscellaneous
 f - a sack of spiders
 t - a tin of tremorstones (2/2)
 H - a phial of floods
 O - the horn of Geryon
 R - a phantom mirror
 X - a lightning rod (4/4)


   Skills:
 O Level 27 Fighting
 O Level 27 Axes
 - Level 1.7 Throwing
 * Level 25.3 Armour
 + Level 25.1 Dodging
 - Level 22.0 Shields
 - Level 21.0 Evocations


You had 26 spell levels left.
You didn't know any spells.
Your spell library was empty.

Dungeon Overview and Level Annotations

Branches:
Dungeon (15/15)            Temple (0/1) D:6            Lair (5/5) D:10
  Swamp (4/4) Lair:3       Spider (4/4) Lair:3        Slime (5/5) Lair:5
    Orc (2/2) D:12            Elf (3/3) Orc:2        Vaults (5/5) D:14
  Crypt (3/3) Vaults:3       Tomb (3/3) Crypt:3      Depths (4/4) D:15
   Hell (visited)             Dis (7/7) Hell            Geh (7/7) Hell
    Coc (7/7) Hell            Tar (7/7) Hell            Zot (5/5) Depths:4
Ossuary (visited)          WizLab (visited)

Altars:
Dithmenos
Fedhas
Kikubaaqudgha
Makhleb
Nemelex Xobeh
Ru
Sif Muna
Trog
Uskayaw
Xom
Yredelemnul
Beogh
Jiyva

Shops:
D:1 (   D:4 ?   D:12 (   D:15 [   Orc:1 [   Orc:2 *(?   Vaults:2 *   Zot:3 *
Depths:4 *=

Portals:
Hell: Depths:1 Depths:2 Depths:3 Depths:4
Abyss: Depths:3
Pandemonium: Depths:2
Ziggurat: Depths:1

Annotations:
Spider:4 1 runed translucent door, exclusion: door, croobank's ghost, adept FeSu
Depths:3 2 transporters
Dis:7 Dispater
Zot:2 4 transporters


Innate Abilities, Weirdness & Mutations

You have a pair of large horns on your head.
You are completely covered in large bone plates. (SH +8)
You are powered by pain.
You are completely covered in sharp spines.
Your presence sometimes corrodes or deforms those you injure.
You can speak a Word of Chaos.
You have a moderately thin skeletal structure. (Dex +4, Stealth++)
Your body often deteriorates upon taking damage.
You are dopey. (Int -2)
You are somewhat resistant to further mutation.
You are weak. (Str -2)


Message History

You kill the angel!
Trog accepts your kill.
No target in view!
No target in view!
Your extra speed is starting to run out.
You feel yourself slow down.
There is a stone staircase leading up here.
You climb upwards.
There is a stone staircase leading down here.
There is a stone staircase leading up here.
You climb upwards.
There is a stone staircase leading down here.
There is an open door here.
There is a stone staircase leading up here.
You climb upwards.
There is a stone staircase leading down, spattered with blood here.
You see here a howler monkey skeleton.
There is a stone staircase leading up, spattered with blood here.
You climb upwards.
There is a stone staircase leading down, spattered with blood here.
You see here an iguana skeleton.
An Orb Guardian comes into view.
You regained 35 hp, and now have 243/249 hp.
You rampage towards the Orb Guardian!
You rampage towards the Orb Guardian!
You slash the Orb Guardian! You headbutt the Orb Guardian!
The Orb Guardian is moderately wounded.
You slash the Orb Guardian!
The Orb Guardian is heavily wounded.
You block the Orb Guardian's attack.
You slash the Orb Guardian!
The Orb Guardian is heavily wounded.
You block the Orb Guardian's attack.
You hit the Orb Guardian but do no damage.
Your corrupting presence corrodes the Orb Guardian!
You headbutt the Orb Guardian!
The Orb Guardian is severely wounded.
You slash the Orb Guardian!
The Orb Guardian is almost dead.
You block the Orb Guardian's attack.
You hit the Orb Guardian.
You headbutt the Orb Guardian, but do no damage.
The Orb Guardian is almost dead.
You block the Orb Guardian's attack.
You closely miss the Orb Guardian.
The Orb Guardian is almost dead.
The Orb Guardian is struck by your spines.
The Orb Guardian completely misses you.
An Orb Guardian comes into view.
You hit the Orb Guardian.
The Orb Guardian is almost dead.
You slash the Orb Guardian!
You kill the Orb Guardian!
Trog accepts your kill.
You rampage towards the Orb Guardian!
You block the Orb Guardian's attack.
You barely miss the Orb Guardian. Your headbutt misses the Orb Guardian.
You hit the Orb Guardian.
You headbutt the Orb Guardian, but do no damage.
The Orb Guardian is lightly wounded.
You block the Orb Guardian's attack.
You slash the Orb Guardian! You headbutt the Orb Guardian!
The Orb Guardian is moderately wounded.
You block the Orb Guardian's attack.
You hit the Orb Guardian but do no damage.
You headbutt the Orb Guardian, but do no damage.
The Orb Guardian is moderately wounded.
You barely miss the Orb Guardian.
The Orb Guardian is moderately wounded.
You block the Orb Guardian's attack.
You slice the Orb Guardian like a ripe choko!!!
You headbutt the Orb Guardian.
The Orb Guardian is severely wounded.
The Orb Guardian is struck by your spines.
The Orb Guardian hits you but does no damage.
You slice the Orb Guardian like a ripe choko!!!
You kill the Orb Guardian!
Trog accepts your kill.
Health restored: 249 No target in view!
There is a stone staircase leading up here.
You climb upwards.
A balrug and a sun demon come into view.
The balrug is wielding a +1 demon whip of electrocution.
There is a stone staircase leading down here.
The sun demon shouts!
The balrug moves out of view.
There is a stone staircase leading up here.
You climb upwards.
There is a stone staircase leading down here.
Things that are here:
a +0 dagger; a +0 sling
There is a stone staircase leading up here.
You climb upwards.
There is a stone staircase leading down here.
A rat comes into view.
There is a stone staircase leading up here.
You climb upwards.
There is a stone staircase leading down here.
There is a staircase leading out of the dungeon here.
You have escaped!

#........#.#.########.....#
####..####.#.# #.....'
#..######.# #.....#
#..#......# #.....#
#...####..### #########
#...#.......####.......#
###...≈≈≈≈...##(..≈≈≈≈..
#..≈≈≈≈≈≈......≈≈≈≈≈≈.
##..≈≈@>≈≈......≈≈≈≈≈≈.
#...≈§≈≈.≈......≈≈≈≈≈≈.
#....≈≈≈≈..####..≈≈≈≈..
#.##......## ##......#
#.#####...# #..#####
####'##....#.## ##..# #
#........#.#..####...# #
#........#.........#.# #
#........###..######.# #


There were no monsters in sight!

Vanquished Creatures
  Cerebov (Pan)
  Antaeus (Coc:7)
  Asmodeus (Geh:7)
  the Royal Jelly (Slime:5)
  Dissolution (Slime:4)
  Ereshkigal (Tar:7)
  Gloorx Vloq (Pan)
  Mnoleg (Pan)
  Lom Lobon (Pan)
  7 dread liches
  11 orbs of fire
  Mara (Vaults:1)
  6 ancient liches
  A juggernaut (Depths:3)
  Xtahua (Vaults:2)
  5 royal mummies
  Boris (Depths:2)
  3 Killer Klowns (Zot:5)
  24 shard shrikes
  Margery (Crypt:3)
  Nikola (Swamp:1)
  11 golden dragons
  Geryon (Hell)
  29 caustic shrikes
  Jory (Crypt:3)
  Norris (Vaults:2)
  12 profane servitors
  12 bone dragons
  3 pandemonium lords
  7 doom hounds
  6 Tzitzimimeh
  3 electric golems
  21 Ice Fiends
  9 hellephants
  11 Brimstone Fiends
  28 Orb Guardians
  20 tentacled monstrosities
  10 Hell Sentinels
  8 iron giants
  Rupert (D:15)
  A spectral shard shrike (Tar:4)
  5 walking frostbound tomes
  Grunn (Depths:4)
  Asterion (Elf:2)
  10 tainted leviathans
  2 deep elf blademasters
  12 liches
  10 searing wretches
  23 titans
  A kraken (Abyss:4)
  3 quicksilver dragons
  21 Executioners
  4 tentacled starspawn
  2 deep elf master archers (Elf:3)
  7 death cobs
  11 acid blobs
  26 ancient champions
  15 sphinxes
  4 eldritch tentacles
  A thorn hunter (Swamp:4)
  6 storm dragons
  4 tengu reavers
  7 shadow dragons
  9 rockslimes
  13 azure jellies
  8 protean progenitors
  4 draconian monks
  8 draconian scorchers
  8 revenants
  7 demonspawn warmongers (Pan)
  4 draconian knights (Zot:1)
  4 deep elf sorcerers (Elf:3)
  A fenstrider witch (Swamp:2)
  21 fire giants
  12 narguns
  9 iron dragons
  16 frost giants
  7 draconian shifters
  5 emperor scorpions
  6 deep elf elementalists
  36 balrugs
  16 vault wardens
  6 ghost moths
  A spectral juggernaut (Tar:2)
  11 quicksilver elementals
  5 draconian annihilators
  A caustic shrike zombie (Depths:2)
  An angel (D:9)
  5 ghouls
  2 shard shrike simulacra
  15 ironbound preservers
  3 curse skulls
  2 orc warlords
  The ghost of Famehell the Metamorph, a journeyman OpSh of Gozag (Elf:1)
  4 demonspawn blood saints (Pan)
  2 draconian stormcallers (Zot:3)
  17 reapers
  12 cacodemons
  A broodmother (Spider:4)
  3 ironbound thunderhulks
  3 formless jellyfish
  6 caustic shrike skeletons
  11 very ugly things
  3 demonspawn corrupters (Pan)
  10 quicksilver oozes
  An ophan (Abyss:4)
  5 juggernaut skeletons (Pan)
  The ghost of dogverified the Cleaver, a journeyman MDFi of Okawaru (Orc:2)
  16 stone giants
  Nessos (D:13)
  The ghost of Ruich the Marksdemigod, a journeyman DgHu (D:10)
  3 demonspawn black suns (Pan)
  3 deep elf demonologists (Elf:3)
  22 elemental wellsprings
  5 eleionomae
  10 deep elf annihilators
  11 deep elf death magi
  A dire elephant (Vaults:3)
  11 vampire knights
  2 bennus (Tomb:2)
  8 putrid mouths
  10 yellow draconians
  Azrael (D:15)
  6 black draconians
  14 green draconians
  15 wendigos
  6 red draconians
  A spectral titan (Tar:2)
  9 bunyips
  45 war gargoyles
  5 spark wasps
  16 eidola
  13 white draconians
  9 purple draconians
  15 ettins
  An acid blob zombie (Crypt:1)
  20 iron golems
  6 entropy weavers
  A quicksilver dragon zombie (Crypt:3)
  9 green deaths
  18 mummy priests
  22 blizzard demons
  5 fire dragons
  24 jiangshi
  11 yaktaur captains
  An entropy weaver (shapeshifter) (D:14)
  2 shambling mangroves
  14 salamander tyrants
  A spectral fenstrider witch (Tar:1)
  3 crystal guardians (Dis:3)
  8 deep elf high priests
  6 rakshasas
  9 ice dragons
  28 vault guards
  6 spectral spriggans
  A peacekeeper (Vaults:4)
  3 hell beasts
  Harold (Orc:1)
  23 hydras
  7 great orbs of eyes
  5 ironbound frosthearts
  A fenstrider witch skeleton (Tomb:2)
  2 ogre magi
  An Orb Guardian zombie (Crypt:1)
  A spriggan air mage (Depths:4)
  9 boulder beetles
  2 jorogumos
  24 centaur warriors
  14 caustic shrike simulacra
  7 alligators
  6 juggernaut simulacra
  2 catoblepae
  4 ghost crabs
  3 radroaches
  4 stokers
  29 dancing weapons
  5 death knights
  7 two-headed ogres
  20 death scarabs
  The ghost of DeathSocks the Carver, a journeyman DEHu of Kikubaaqudgha (D:12)
  4 tengu warriors
  Urug (D:12)
  5 deep troll shamans
  A death yak (Lair:5)
  12 deep troll earth magi
  A spectral naga (Tar:2)
  19 demonic crawlers
  6 vampire magi
  28 hell hogs
  5 orc high priests
  30 hell knights
  11 spriggan berserkers
  An occultist (Depths:1)
  2 thrashing horrors (Abyss:4)
  11 crystal echidnas
  5 hellephant skeletons (Pan)
  2 emperor scorpion zombies
  15 soul eaters
  Sonja (D:13)
  4 skysharks
  2 fire crabs (Abyss:4)
  40 skeletal warriors
  2 spectral anacondas (Tar:2)
  51 sun demons
  3 wretched stars (Abyss:2)
  14 sixfirhies
  7 pharaoh ants
  16 deep elf knights
  16 shadow wraiths
  A spectral spark wasp (Depths:1)
  A salamander mystic (Depths:1)
  7 iron trolls
  9 orb spiders
  A cherub (Pan)
  5 quicksilver dragon simulacra
  9 flayed ghosts
  8 swamp dragons
  10 sun moths
  A bunyip zombie (Tomb:1)
  5 spriggan druids
  5 shadow demons
  Lodul (D:12)
  A spriggan simulacrum (Coc:3)
  41 deep trolls
  A goliath frog (Swamp:4)
  A death drake (WizLab)
  16 arcanists
  10 deep elf archers
  9 glowing orange brains
  6 phantasmal warriors
  2 fenstrider witch simulacra (Coc:1)
  8 bog bodies
  2 obsidian statues (WizLab)
  2 thermic dynamos (Elf:1)
  4 wolf spider zombies (Spider:1)
  12 orc knights
  Pikel (D:7)
  2 harpies (shapeshifter) (D:10)
  21 deep elf zephyrmancers
  21 large abominations
  3 steelbarb worms
  8 lindwurms
  2 shadow dragon skeletons
  A stone giant zombie (Tomb:1)
  3 spectral wolf spiders (Spider:1)
  24 deep elf pyromancers
  22 ironbound convokers
  An orc sorcerer (Elf:3)
  4 harpies (Vaults:1)
  17 necromancers
  2 frost giant zombies (Depths:1)
  4 cyclopes
  2 oklob plants (Lair:5)
  A manticore (shapeshifter) (Depths:4)
  6 manticores
  21 wolf spiders
  2 shining eyes (Slime:1)
  12 moths of wrath
  A fire giant zombie (Depths:1)
  A shining eye (shapeshifter) (WizLab)
  41 ugly things
  4 will-o-the-wisps
  2 meliai (shapeshifter)
  2 alligator skeletons
  3 worldbinders
  2 salamanders (Depths:1)
  3 kobold blastminers (Orc:1)
  4 meliai
  4 Executioner simulacra (Pan)
  2 black mambas (shapeshifter)
  A spectral alligator snapping turtle (Tar:2)
  A formless jellyfish zombie (Crypt:1)
  A guardian serpent (Lair:5)
  8 black mambas
  A rust devil (Depths:2)
  6 titan simulacra
  2 spectral centaurs
  13 orange demons (Pan)
  2 apocalypse crabs (Abyss:4)
  An eye of devastation (shapeshifter) (D:15)
  6 ice statues
  A mana viper zombie (Crypt:2)
  3 water nymphs (Pan)
  12 molten gargoyles
  4 torpor snails
  15 vault sentinels
  37 smoke demons
  5 gargoyles
  21 hellions
  5 eyes of devastation
  27 yaktaurs
  Jeremiah (D:6)
  14 cane toads
  2 rime drakes
  A shock serpent skeleton (Crypt:1)
  16 freezing wraiths
  A spriggan zombie (Depths:2)
  A steelbarb worm zombie (Crypt:1)
  4 tengu conjurers
  15 tormentors
  4 unseen horrors
  A pale draconian zombie (Crypt:2)
  2 anaconda simulacra
  A kobold demonologist (D:12)
  19 guardian mummies
  7 efreet
  A bunyip simulacrum (Coc:1)
  2 spectral harpies
  3 trolls
  5 komodo dragons
  2 ancient zymes (Abyss:2)
  An iron giant simulacrum (Coc:7)
  2 silent spectres
  10 ice devils
  A queen bee (shapeshifter) (D:10)
  2 polar bears (Lair:4)
  6 wolf spider simulacra
  A golden dragon simulacrum (Coc:4)
  6 red devils
  Prince Ribbit (D:6)
  A shadow dragon simulacrum (Coc:1)
  15 hellwings
  27 blink frogs
  6 glass eyes
  15 hornets
  A sun moth zombie (Crypt:2)
  A harpy skeleton (Tomb:1)
  9 raiju
  Grinder (D:6)
  2 draconian simulacra (Zot:1)
  15 tarantellas
  14 tyrant leeches
  7 dream sheep (Lair:5)
  An ettin zombie (Crypt:1)
  2 air elementals
  A centaur simulacrum (D:14)
  37 jumping spiders
  A fire dragon skeleton (Crypt:2)
  Sigmund (D:4)
  6 shadows
  2 stone giant simulacra (Coc:3)
  17 wyverns
  A vampire (D:10)
  7 wraiths
  24 culicivoras
  92 slime creatures
  12 spriggans
  15 ynoxinuls (Pan)
  2 naga simulacra
  3 culicivoras (shapeshifter)
  Eustachio (D:3)
  37 yaks
  2 dire elephant simulacra
  6 water elementals
  An alligator snapping turtle simulacrum (Coc:3)
  8 ushabtiu
  17 neqoxecs
  8 fire elementals
  A redback (shapeshifter) (Vaults:2)
  8 golden eyes
  A golden eye (shapeshifter) (Elf:2)
  2 steam dragons
  2 basilisks
  A warg (shapeshifter) (D:14)
  2 wargs (Orc:1)
  6 humans (D:14)
  19 vampire mosquitoes
  A deep troll zombie (Crypt:1)
  35 redbacks
  20 chaos spawn
  Edmund (D:5)
  A hydra simulacrum (Coc:4)
  14 swamp worms
  An acid dragon (D:11)
  12 harpy simulacra
  A glowing shapeshifter zombie (Depths:2)
  2 hell hounds (D:15)
  A naga zombie (Tomb:1)
  24 water moccasins
  A moth of wrath simulacrum (Zot:1)
  A fire bat skeleton (Crypt:1)
  38 orc warriors
  A glowing shapeshifter skeleton (Crypt:2)
  6 swamp drakes (Swamp:4)
  2 black bears
  4 ettin simulacra
  A hog zombie (Crypt:2)
  7 boggarts
  57 laughing skulls
  5 starcursed masses (Abyss:2)
  16 ogres
  16 wolves
  10 centaurs
  3 phantoms
  A weeping skull (Abyss:2)
  8 elf zombies (Elf:1)
  5 kobold brigands
  A rime drake skeleton (Crypt:1)
  Blork the orc (D:6)
  9 bullfrogs
  2 scorpions
  9 small abominations
  A gnoll sergeant (D:10)
  2 earth elementals
  A deep troll simulacrum (Crypt:3)
  A cyclops skeleton (Crypt:2)
  4 burial acolytes (Crypt:3)
  11 killer bees (D:8)
  6 spriggan skeletons
  7 howler monkeys
  A troll skeleton (D:10)
  5 electric eels
  A wolf zombie (Crypt:2)
  3 quasits (Abyss:2)
  An iron imp (D:12)
  2 spectral scorpions (Ossuary)
  5 hounds
  27 orc priests
  Crazy Yiuf (D:4)
  2 bombardier beetles
  A sleepcap (D:7)
  3 centaur skeletons
  2 gnoll boudas
  2 iguanas (D:5)
  5 hell rats (Hell)
  18 orc wizards
  A crocodile zombie (Ossuary)
  A tengu zombie (Crypt:2)
  An ogre skeleton (Ossuary)
  51 mummies
  5 adders
  10 gnolls
  3 white imps
  11 ufetubi
  An iguana zombie (Crypt:1)
  3 ribbon worms
  6 dart slugs
  81 orcs
  8 endoplasms
  2 giant cockroaches (D:2)
  5 goblins
  7 hobgoblins
  20 kobolds
  6 quokkas
  5 ball pythons
  5 bats
  2 frilled lizards (D:2)
  2 gnoll skeletons (Ossuary)
  A kobold skeleton (Ossuary)
  2 orc skeletons (Ossuary)
  4 rats
  10 spectral rats (Ossuary)
  2 aspiring fleshes
  4 creeping infernos
  17 fire vortices
  A spectral weapon (Elf:2)
  6 starspawn tentacles
  3 tentacles (Abyss:4)
3625 creatures vanquished.

Vanquished Creatures (collateral kills)
  the Serpent of Hell (Coc:7)
  7 caustic shrikes
  A profane servitor (Tar:7)
  A bone dragon (Tar:5)
  4 iron giants
  A sphinx (Vaults:3)
  4 ancient champions
  Frances (Swamp:2)
  3 fire giants
  The ghost of dogverified the Grappler, a journeyman TrBe of Trog (Orc:2)
  3 broodmothers (Spider:4)
  An ironbound thunderhulk (Vaults:3)
  A very ugly thing (Depths:1)
  An elemental wellspring (Coc:7)
  3 putrid mouths (Tar:5)
  A war gargoyle (Dis:7)
  An eidolon (Tar:7)
  7 iron golems
  A mummy priest (Tomb:1)
  An alligator (Swamp:2)
  A deep troll shaman (Depths:4)
  2 deep elf knights (Elf:2)
  A pharaoh ant (Spider:4)
  A deep troll (Depths:4)
  A steelbarb worm (Spider:4)
  A deep elf zephyrmancer (Elf:2)
  A wolf spider (Spider:4)
  2 torpor snails (Spider:4)
  A hellion (Dis:3)
  A tormentor (Dis:3)
  A tarantella (Spider:4)
  4 jumping spiders
  A culicivora (Spider:4)
  2 vampire mosquitoes (Swamp:1)
  A mummy (Tomb:1)
  A fire vortex (Pan)
66 creatures vanquished.

Vanquished Creatures (others)
  Josephina (Zot:1)
  An iron giant (Dis:6)
  A fire giant (Geh:4)
  A draconian annihilator (Pan)
  A white draconian (Zot:1)
  An entropy weaver (WizLab)
  A juggernaut simulacrum (Coc:3)
  3 vault guards (D:14)
  2 deep elf knights
  An occultist (Depths:1)
  A sun demon (Hell)
  A quicksilver dragon simulacrum (Zot:1)
  3 deep elf zephyrmancers
  A smoke demon (Hell)
  An ice statue (Coc:7)
  An efreet (Pan)
  A tormentor (Geh:4)
  A yaktaur (Vaults:3)
  A hellwing (Pan)
  3 tyrant leeches (Spider:4)
  A jumping spider (Spider:4)
  A ynoxinul (Pan)
  2 humans (D:14)
  2 harpy simulacra
  A hydra simulacrum (Coc:4)
  A hound (shapeshifter) (Vaults:5)
  An iguana (D:6)
  A kobold (D:6)
  3 ball lightnings (Pan)
  4 creeping infernos
  20 foxfires
  13 starspawn tentacles
  7 tentacles (Abyss:4)
84 creatures vanquished.

Grand Total: 3775 creatures vanquished

Notes
Turn   | Place    | Note
-------+----------+-------------------------------------------
     0 | D:1      | gimp the Demonspawn Gladiator began the quest for the Orb.
     0 | D:1      | Reached XP level 1. HP: 16/16 MP: 1/1
   244 | D:1      | Gained mutation: You are partially covered in sharp spines.
                  | [demonic ancestry]
   244 | D:1      | Reached XP level 2. HP: 22/22 MP: 2/2
   483 | D:1      | Found Qinipp's Weapon Shop.
   483 | D:1      | Noticed a +0 bardiche
   485 | D:1      | Noticed a +0 triple crossbow
   812 | D:2      | Reached XP level 3. HP: 28/28 MP: 3/3
   959 | D:2      | Reached skill level 1 in Shields
  1302 | D:2      | Gained mutation: You have a pair of small horns on your
                  | head. [demonic ancestry]
  1302 | D:2      | Reached XP level 4. HP: 28/34 MP: 4/4
  2257 | D:3      | Found a bloodstained altar of Trog.
  2631 | D:3      | Became a worshipper of Trog the Wrathful
  2792 | D:4      | Gained mutation: You are mostly covered in sharp spines.
                  | [demonic ancestry]
  2792 | D:4      | Reached XP level 5. HP: 32/41 MP: 5/5
  2862 | D:4      | Found Zodghagia's Magic Scroll Shop.
  2872 | D:4      | Bought a scroll of teleportation for 33 gold pieces
  2872 | D:4      | Bought a scroll of identify for 22 gold pieces
  2874 | D:4      | Bought a scroll of revelation for 82 gold pieces
  2874 | D:4      | Bought a scroll of identify for 22 gold pieces
  2874 | D:4      | Bought a scroll of identify for 22 gold pieces
  3010 | D:4      | Found a runed translucent door.
  3011 | D:4      | Noticed Crazy Yiuf
  3215 | D:4      | Noticed Sigmund
  3231 | D:4      | Killed Sigmund
  3232 | D:4      | Gained mutation: You are partially covered in large bone
                  | plates. (SH +4) [demonic ancestry]
  3232 | D:4      | Reached XP level 6. HP: 48/48 MP: 6/6
  3244 | D:4      | Reached skill level 5 in Axes
  3275 | D:4      | Identified the +0 robe "Nycw" {Harm rC+ Str-4 Dex+4}
  3320 | D:4      | Noticed Eustachio
  3533 | D:4      | Found a sacrificial altar of Ru.
  3533 | D:4      | Found a sparkling altar of Nemelex Xobeh.
  3594 | D:3      | Killed Eustachio
  3956 | D:4      | Found a faded altar of an unknown god.
  3958 | D:4      | Found a shimmering altar of Xom.
  3960 | D:4      | Found a burning altar of Makhleb.
  4106 | D:5      | Entered Level 5 of the Dungeon
  4127 | D:5      | Gained mutation: You are mostly covered in large bone
                  | plates. (SH +6) [demonic ancestry]
  4127 | D:5      | Reached XP level 7. HP: 48/54 MP: 7/7
  4268 | D:5      | Found a sand-covered staircase.
  4278 | Ossuary  | Entered an ossuary
  4373 | Ossuary  | Reached * piety under Trog
  4477 | Ossuary  | Reached skill level 5 in Fighting
  4477 | Ossuary  | Gained mutation: You have a pair of horns on your head.
                  | [demonic ancestry]
  4477 | Ossuary  | Reached XP level 8. HP: 60/62 MP: 8/8
  4726 | Ossuary  | Found a basalt altar of Yredelemnul.
  4925 | D:5      | Reached ** piety under Trog
  5201 | D:4      | Killed Crazy Yiuf
  5293 | D:6      | Reached skill level 5 in Shields
  5293 | D:6      | Noticed Jeremiah
  5293 | D:6      | Noticed Edmund
  5351 | D:5      | Killed Edmund
  5352 | D:5      | Gained mutation: You sometimes gain a little power by
                  | taking damage. [demonic ancestry]
  5352 | D:5      | Reached XP level 9. HP: 53/69 MP: 9/9
  5407 | D:6      | Noticed Blork the orc
  5577 | D:6      | Noticed Prince Ribbit
  5592 | D:6      | Killed Prince Ribbit
  5606 | D:6      | Noticed Grinder
  5607 | D:6      | Paralysed by Grinder for 4 turns
  5621 | D:6      | Killed Blork the orc
  5623 | D:6      | Killed Grinder
  5770 | D:6      | Killed Jeremiah
  5857 | D:6      | Found a staircase to the Ecumenical Temple.
  6060 | D:7      | Noticed Pikel
  6065 | D:7      | Killed Pikel
  6431 | D:8      | Reached skill level 10 in Axes
  6432 | D:8      | Gained mutation: You are completely covered in large bone
                  | plates. (SH +8) [demonic ancestry]
  6432 | D:8      | Reached XP level 10. HP: 79/79 MP: 10/10
  6548 | D:8      | Reached *** piety under Trog
  6549 | D:8      | Reached skill level 1 in Armour
  6863 | D:8      | Paralysed by a hornet for 3 turns
  6985 | D:8      | Noticed a vault sentinel
  6985 | D:8      | Noticed a vault sentinel
  6998 | D:8      | Killed a vault sentinel
  7039 | D:8      | Found the +18 shield of the Gong {Loud rN+ Will+ rCorr
                  | EV-5}
  7056 | D:8      | Killed a vault sentinel
  7412 | D:9      | Noticed a two-headed ogre
  7649 | D:9      | Killed a two-headed ogre
  7889 | D:9      | Found a shimmering blue altar of Sif Muna.
  8078 | D:10     | Entered Level 10 of the Dungeon
  8100 | D:10     | Noticed a gargoyle
  8113 | D:10     | Killed a gargoyle
  8150 | D:10     | Gained mutation: You have a pair of large horns on your
                  | head. [demonic ancestry]
  8150 | D:10     | Reached XP level 11. HP: 84/84 MP: 11/11
  8424 | D:10     | Found a staircase to the Lair.
  8562 | D:10     | Noticed a two-headed ogre
  8571 | D:10     | Killed a two-headed ogre
  8682 | D:10     | Found a runed translucent gate.
  8682 | D:10     | Found a runed translucent gate.
  8682 | D:10     | Found a runed translucent gate.
  8682 | D:10     | Noticed a cyan ugly thing
  8682 | D:10     | Noticed a cyan ugly thing
  8682 | D:10     | Noticed a cyan ugly thing
  8682 | D:10     | Noticed a green ugly thing
  8910 | D:10     | Found a blossoming altar of Fedhas.
  9224 | D:11     | Reached **** piety under Trog
  9243 | D:11     | Noticed a red ugly thing
  9245 | D:11     | Reached skill level 5 in Armour
  9298 | D:11     | Killed a red ugly thing
  9438 | D:11     | You fall into a shaft and drop 1 floor!
  9741 | D:12     | Found Sekleazi's Weapon Emporium.
  9806 | D:12     | Noticed a two-headed ogre
  9815 | D:12     | Killed a two-headed ogre
  9858 | D:12     | Reached XP level 12. HP: 72/91 MP: 12/12
 10346 | D:12     | Found a staircase to the Orcish Mines.
 10483 | D:12     | Noticed a two-headed ogre
 10489 | D:12     | Killed a two-headed ogre
 10572 | D:12     | Noticed Lodul
 10588 | D:12     | Killed Lodul
 10731 | D:12     | Found a shimmering altar of Xom.
 10732 | D:12     | Found a shimmering altar of Xom.
 10874 | D:12     | Found a runed translucent door.
 10876 | D:12     | Noticed DeathSocks's ghost (journeyman DEHu)
 10879 | D:12     | Found a shimmering altar of Xom.
 11034 | D:13     | Noticed Urug
 11096 | Orc:1    | Entered Level 1 of the Orcish Mines
 11113 | Orc:1    | Found a roughly hewn altar of Beogh.
 11173 | Orc:1    | Noticed Harold
 11220 | Orc:1    | Killed Harold
 11480 | Orc:1    | Found Naublo's Antique Armour Boutique.
 11484 | Orc:1    | Bought an ancient chain mail for 180 gold pieces
 11484 | Orc:1    | Identified the +0 chain mail of Negligence {Harm Fly rC+}
                  | (You bought it in a shop on level 1 of the Orcish Mines)
 11484 | Orc:1    | Bought a pair of glowing boots for 142 gold pieces
 11635 | Orc:2    | Entered Level 2 of the Orcish Mines
 11895 | Orc:2    | Noticed an ettin
 11906 | Orc:1    | Reached ***** piety under Trog
 12060 | Orc:2    | Found a staircase to the Elven Halls.
 12076 | Orc:2    | Noticed an orc high priest
 12260 | Orc:2    | Found a roughly hewn altar of Beogh.
 12295 | Orc:2    | Killed an ettin
 12312 | Orc:2    | Reached skill level 10 in Shields
 12412 | Orc:2    | Noticed an orc high priest
 12458 | Orc:2    | Noticed an ettin
 12459 | Orc:2    | Noticed an orc high priest
 12673 | Orc:2    | Noticed an orc high priest
 12685 | Orc:2    | Noticed an orc high priest
 12816 | Orc:1    | Killed an orc high priest
 13086 | Orc:1    | Killed an orc high priest
 13186 | Orc:1    | Killed an orc high priest
 13311 | Orc:1    | Gained mutation: Your presence sometimes corrodes those you
                  | injure. [demonic ancestry]
 13311 | Orc:1    | Reached XP level 13. HP: 81/96 MP: 13/13
 13384 | Orc:2    | Received a gift from Trog
 14069 | Orc:2    | Found a runed translucent gate.
 14069 | Orc:2    | Found a runed translucent gate.
 14070 | Orc:2    | Found a runed translucent gate.
 14075 | Orc:2    | Noticed dogverified's ghost (journeyman TrBe)
 14075 | Orc:2    | Noticed dogverified's ghost (journeyman MDFi)
 14119 | Orc:2    | Reached skill level 15 in Axes
 14126 | Orc:2    | Killed an ettin
 14316 | Orc:2    | Found Onyohap's Magic Scroll Emporium.
 14316 | Orc:2    | Found Betzeifu's Weapon Emporium.
 14317 | Orc:2    | Found Jougrystras's Assorted Antiques.
 14317 | Orc:2    | Found Guenare's Magic Scroll Emporium.
 14325 | Orc:2    | Bought a yellow potion for 28 gold pieces
 14505 | Orc:2    | Bought a scroll of identify for 28 gold pieces
 14505 | Orc:2    | Bought a scroll of identify for 28 gold pieces
 14505 | Orc:2    | Bought a scroll of identify for 28 gold pieces
 14505 | Orc:2    | Bought a scroll of identify for 28 gold pieces
 14505 | Orc:2    | Bought a scroll of identify for 28 gold pieces
 14505 | Orc:2    | Bought a scroll of summoning for 133 gold pieces
 14513 | Orc:2    | Bought 2 scrolls of identify for 64 gold pieces
 14513 | Orc:2    | Bought a scroll of teleportation for 48 gold pieces
 14513 | Orc:2    | Bought a scroll of teleportation for 48 gold pieces
 14513 | Orc:2    | Bought a scroll of teleportation for 48 gold pieces
 14513 | Orc:2    | Bought a scroll of teleportation for 48 gold pieces
 14519 | Orc:2    | Bought a potion of curing for 96 gold pieces
 14523 | Orc:2    | Bought a scroll of identify for 32 gold pieces
 14523 | Orc:2    | Bought a scroll of identify for 32 gold pieces
 14523 | Orc:2    | Bought a scroll of identify for 32 gold pieces
 14685 | Lair:1   | Entered Level 1 of the Lair of Beasts
 15830 | Lair:2   | Identified a scroll of acquirement
 15831 | Lair:2   | Acquired 843 gold pieces
 16687 | Lair:3   | Found a hole to the Spider Nest.
 16718 | Lair:3   | Found a staircase to the Swamp.
 17618 | Lair:4   | Gained mutation: You sometimes gain power by taking damage.
                  | [demonic ancestry]
 17618 | Lair:4   | Reached XP level 14. HP: 103/103 MP: 4/14
 17724 | Lair:4   | Received a gift from Trog
 17761 | Lair:4   | Found a hide-covered altar of Uskayaw.
 18504 | Lair:5   | Entered Level 5 of the Lair of Beasts
 18843 | Lair:5   | Reached skill level 10 in Armour
 20047 | Lair:5   | Found a viscous altar of Jiyva.
 20582 | D:13     | Noticed Nessos
 20585 | D:13     | Noticed Sonja
 20814 | D:12     | Killed Urug
 21074 | Abyss:2  | Cast into level 2 of the Abyss (Sonja)
 21259 | Abyss:2  | Gained mutation: You are dopey. (Int -2) [a neqoxec]
 21275 | Abyss:2  | Received a gift from Trog
 21483 | Abyss:2  | Reached XP level 15. HP: 51/86 MP: 5/15
 21510 | Abyss:2  | Noticed a tentacled starspawn
 21512 | Abyss:2  | Noticed a bone dragon
 21522 | Abyss:2  | Noticed a lich
 21619 | Abyss:2  | Noticed a tentacled starspawn
 21651 | Abyss:2  | Killed a tentacled starspawn
 21659 | D:13     | Escaped the Abyss
 22383 | D:13     | Killed Nessos
 22394 | D:13     | Killed Sonja
 23237 | Orc:2    | Killed dogverified's ghost
 23253 | Orc:2    | Killed dogverified's ghost
 23258 | Orc:2    | Identified the +0 kite shield of Lapruu Yrphe {rC- Will++
                  | Str+6}
 24061 | D:14     | Found a gate to the Vaults.
 24078 | D:14     | Identified the +1 tower shield of Gehenna {*Corrode +Blink
                  | Dex+7}
 24491 | D:15     | Entered Level 15 of the Dungeon
 24922 | D:15     | Found Jiptoq Noacs's Armour Emporium.
 25073 | D:15     | Noticed Rupert
 25083 | D:15     | Killed Rupert
 25355 | D:15     | Found a staircase to the Depths.
 25355 | D:15     | Noticed Azrael
 25375 | D:15     | Killed Azrael
 25599 | D:15     | Reached XP level 16. HP: 109/115 MP: 5/16
 25655 | D:15     | Bought the +2 shield of Resistance {rF++ rC++ Will++} for
                  | 987 gold pieces
 25655 | D:15     | Found the +2 shield of Resistance {rF++ rC++ Will++}
 25818 | D:12     | Killed DeathSocks's ghost
 25956 | Spider:1 | Entered Level 1 of the Spider Nest
 26277 | Spider:1 | Identified the +1 robe of Sloth {rF++ rN+ SInv}
 26806 | Spider:1 | Reached skill level 15 in Shields
 27304 | Spider:2 | Received a gift from Trog
 28716 | Spider:4 | Entered Level 4 of the Spider Nest
 28734 | Spider:4 | Found a runed translucent door.
 28736 | Spider:4 | Noticed croobank's ghost (adept FeSu)
 29184 | Spider:4 | Gained mutation: You are completely covered in sharp
                  | spines. [demonic ancestry]
 29184 | Spider:4 | Reached XP level 17. HP: 120/120 MP: 17/17
 29305 | Spider:4 | Received a gift from Trog
 29402 | Spider:4 | Reached skill level 15 in Armour
 29446 | Spider:4 | Reached skill level 1 in Evocations
 29862 | Spider:4 | Got a gossamer rune of Zot
 29993 | Swamp:1  | Entered Level 1 of the Swamp
 30290 | Swamp:1  | Identified the +0 robe "Wydexig" {Str+6 Slay-5}
 30467 | Swamp:1  | Noticed Nikola
 30489 | Swamp:1  | Killed Nikola
 30667 | Swamp:2  | Noticed Frances
 30675 | Swamp:2  | Killed Frances
 30683 | Swamp:2  | Received a gift from Trog
 30790 | Swamp:2  | Reached skill level 5 in Evocations
 32179 | Swamp:4  | Entered Level 4 of the Swamp
 32626 | Swamp:4  | Reached XP level 18. HP: 75/134 MP: 18/18
 32632 | Swamp:4  | Reached skill level 10 in Fighting
 33196 | Swamp:4  | Identified the +5 leather armour of Faipsemo {*Corrode rF+
                  | rC+ MP+9}
 33224 | Swamp:4  | Got a decaying rune of Zot
 33566 | Vaults:1 | Entered Level 1 of the Vaults
 33852 | Vaults:1 | Received a gift from Trog
 34759 | Vaults:2 | Noticed Xtahua
 34780 | Vaults:2 | Killed Xtahua
 34902 | Vaults:2 | Found a magical portal.
 34907 | WizLab   | Entered The Roulette of Golubria
 34907 | WizLab   | Found a transporter.
 34910 | WizLab   | Found a corrupted altar of Lugonu.
 34946 | WizLab   | Found a transporter.
 34958 | WizLab   | Found a corrupted altar of Lugonu.
 34968 | WizLab   | Found a transporter.
 34968 | WizLab   | Found a transporter.
 34969 | WizLab   | Noticed a hellephant
 34987 | WizLab   | Found a corrupted altar of Lugonu.
 35054 | WizLab   | Found a transporter.
 35090 | WizLab   | Gained mutation: You are somewhat resistant to further
                  | mutation. [a shining eye]
 35222 | WizLab   | Found a transporter.
 35294 | WizLab   | Found a transporter.
 35315 | WizLab   | Found a transporter.
 35364 | WizLab   | Found a transporter.
 35367 | WizLab   | Found a transporter.
 35500 | WizLab   | Found a transporter.
 35504 | WizLab   | Found a transporter.
 35541 | WizLab   | Noticed a hellephant
 35541 | WizLab   | Found a transporter.
 35596 | WizLab   | Killed a hellephant
 35597 | WizLab   | Reached skill level 10 in Evocations
 35597 | WizLab   | Reached XP level 19. HP: 74/146 MP: 19/19
 35654 | WizLab   | Found a transporter.
 35654 | WizLab   | Found a transporter.
 35667 | WizLab   | Found a corrupted altar of Lugonu.
 35876 | WizLab   | Identified the +2 cloak "Asyrrem" {rF+ Int+4}
 35889 | WizLab   | Identified the +2 cloak of the Engineer {rPois rF+++ Will-
                  | Dex-3}
 35933 | WizLab   | Identified the +1 cloak of Peac {Int+3}
 35945 | WizLab   | Found a corrupted altar of Lugonu.
 35947 | WizLab   | Found a transporter.
 35947 | WizLab   | Found a transporter.
 36102 | WizLab   | Found a transporter.
 36105 | WizLab   | Found a transporter.
 36398 | Vaults:2 | Found Videvacw's Assorted Antiques.
 36410 | Vaults:2 | Bought a pair of ancient boots for 218 gold pieces
 36410 | Vaults:2 | Identified the +2 pair of boots of Resonance {Stlth+} (You
                  | bought it in a shop on level 2 of the Vaults)
 36410 | Vaults:2 | Bought a phial of floods for 920 gold pieces
 36423 | Vaults:2 | Bought a twisted chain mail for 218 gold pieces
 36423 | Vaults:2 | Identified the +0 chain mail of Enakh {rC+ Int+2 Dex+5}
                  | (You bought it in a shop on level 2 of the Vaults)
 36450 | Vaults:2 | Reached ****** piety under Trog
 36629 | Vaults:2 | Identified the +3 trident "Loniunt" {heavy, Will+} (Trog
                  | gifted it to you on level 2 of the Vaults)
 36629 | Vaults:2 | Received a gift from Trog
 36869 | Vaults:2 | Noticed Norris
 36903 | Vaults:2 | Killed Norris
 36911 | Vaults:2 | Noticed Mara
 37390 | Vaults:1 | Noticed gimp's illusion
 37475 | Vaults:2 | Noticed gimp's illusion
 37548 | Vaults:1 | Killed Mara
 38420 | Vaults:3 | Found a staircase to the Crypt.
 38420 | Vaults:3 | Found an ancient bone altar of Kikubaaqudgha.
 38420 | Vaults:3 | Found a basalt altar of Yredelemnul.
 38987 | Vaults:3 | Received a gift from Trog
 39146 | Vaults:3 | Reached XP level 20. HP: 159/159 MP: 20/20
 39833 | Vaults:4 | Identified the +9 ring mail of the Saviour {Str+4 Int+2}
 39873 | Vaults:4 | Received a gift from Trog
 40849 | Elf:1    | Entered Level 1 of the Elven Halls
 40910 | Elf:1    | Noticed Famehell's ghost (journeyman OpSh)
 40912 | Elf:1    | Found a transporter.
 41027 | Elf:1    | Identified the +1 dagger "Ocvoff" {flame, rN+ Int+5 SInv}
 41028 | Elf:1    | Found a transporter.
 41278 | Elf:1    | Received a gift from Trog
 41419 | Elf:1    | Reached skill level 15 in Fighting
 41617 | Elf:1    | Acquired 570 gold pieces
 42018 | Elf:2    | Found Namien's Gadget Gallery.
 42062 | Elf:2    | Paralysed by an air elemental for 1 turns
 42065 | Elf:2    | Paralysed by an air elemental for 1 turns
 42177 | Elf:2    | Bought a wand of mindburst (7) for 156 gold pieces
 42177 | Elf:2    | Bought a wand of roots (7) for 268 gold pieces
 42177 | Elf:2    | Bought a wand of paralysis (6) for 230 gold pieces
 42177 | Elf:2    | Bought a wand of acid (7) for 470 gold pieces
 42314 | Elf:2    | Received a gift from Trog
 42683 | Elf:2    | Found a huge runed translucent gate.
 42683 | Elf:2    | Found a huge runed translucent gate.
 42683 | Elf:2    | Found a huge runed translucent gate.
 42683 | Elf:2    | Found a huge runed translucent gate.
 42683 | Elf:2    | Found a huge runed translucent gate.
 43137 | Elf:2    | Noticed Asterion
 43164 | Elf:2    | Killed Asterion
 43354 | Elf:3    | Entered Level 3 of the Elven Halls
 43619 | Elf:3    | Identified the ring "Etsoijej" {rElec Int+6}
 43748 | Elf:3    | Received a gift from Trog
 43749 | Elf:3    | Gained mutation: Your presence sometimes corrodes or
                  | deforms those you injure. [demonic ancestry]
 43749 | Elf:3    | Reached XP level 21. HP: 131/170 MP: 21/21
 44042 | Elf:2    | Found an ancient bone altar of Kikubaaqudgha.
 44135 | Elf:3    | Identified the +0 chain mail of Amur {rElec Will- Str+2}
 44201 | Elf:3    | Identified the +5 short sword "Bitayrch" {drain, rF+}
 44389 | Elf:3    | Identified the +3 crystal plate armour of Dramatic Exits
                  | {rN++}
 44479 | Elf:3    | Received a gift from Trog
 44512 | Elf:3    | Identified the +5 robe "Vev Tap" {Harm Int+2 Dex-5}
 44556 | Elf:3    | Identified the +2 robe "Jidelu" {rElec Str+2}
 44704 | Elf:3    | Found the +1 cloak of Starlight {*Dazzle EV+4 Stlth--}
 44716 | Elf:3    | Identified the staffdeath of Feeding Extinguishment {rElec
                  | rN+ Necro Ice}
 44777 | Elf:3    | Identified the +7 whip "Qeamnojox" {holy, Str+3}
 45099 | Depths:1 | Entered Level 1 of the Depths
 45181 | Depths:1 | Reached skill level 15 in Evocations
 45217 | Depths:1 | Found a one-way gateway to a ziggurat.
 45361 | Depths:1 | Noticed a caustic shrike
 45370 | Depths:1 | Killed a caustic shrike
 45376 | Depths:1 | Identified the ring of the Fifty Xenophobes {rPois rN+}
 45650 | Depths:1 | Found the +10 Black Knight's barding {ponderous, rPois rN+}
 45787 | Depths:1 | Received a gift from Trog
 45818 | Depths:1 | Found a gateway to Hell.
 45823 | Depths:1 | Reached skill level 5 in Dodging
 46158 | Depths:2 | Found a shadowy altar of Dithmenos.
 46371 | Depths:2 | You fall into a shaft and drop 2 floors!
 46371 | Depths:4 | Entered Level 4 of the Depths
 46371 | Depths:4 | Found Zitreha's Jewellery Shoppe.
 46371 | Depths:4 | Found Zysay's Assorted Antiques.
 46429 | Depths:4 | Bought a scroll of teleportation for 117 gold pieces
 46429 | Depths:4 | Bought a potion of resistance for 390 gold pieces
 46429 | Depths:4 | Bought a scroll of teleportation for 117 gold pieces
 46429 | Depths:4 | Bought a potion of curing for 117 gold pieces
 46459 | Depths:4 | Gained mutation: You are powered by pain. [demonic
                  | ancestry]
 46459 | Depths:4 | Reached XP level 22. HP: 78/182 MP: 22/22
 46609 | Depths:3 | Found a transporter.
 46875 | Depths:2 | Identified the +3 robe of the Tortured God {Int+7}
 46875 | Depths:2 | Noticed Boris
 46893 | Depths:2 | Killed Boris
 47250 | Depths:3 | Found a transporter.
 47681 | Depths:2 | Found a one-way gate leading to the halls of Pandemonium.
 48107 | Depths:3 | Found a one-way gate to the infinite horrors of the Abyss.
 48124 | Depths:3 | Received a gift from Trog
 48124 | Depths:3 | Found the +8 mithril axe "Arga" {speed, Will+}
 48279 | Depths:3 | Noticed a juggernaut
 48548 | Depths:3 | Killed a juggernaut
 48575 | Depths:3 | Acquired 930 gold pieces
 49039 | Depths:4 | Noticed a golden dragon
 49077 | Depths:4 | Killed a golden dragon
 49140 | Depths:4 | Found a gate to the Realm of Zot.
 49386 | Depths:4 | Received a gift from Trog
 49437 | Depths:4 | Found an ancient bone altar of Kikubaaqudgha.
 49781 | Depths:4 | Noticed Grunn
 49802 | Depths:4 | Killed Grunn
 50365 | D:10     | Found a runed translucent gate.
 50365 | D:10     | Found a runed translucent gate.
 50368 | D:10     | Found a runed translucent gate.
 50371 | D:10     | Noticed Ruich's ghost (journeyman DgHu)
 50403 | D:10     | Killed Ruich's ghost
 50408 | D:10     | Identified the +1 pair of boots "Niocwi" {Rampage Dex+5}
 50904 | Elf:1    | Killed Famehell's ghost
 51305 | Vaults:5 | Entered Level 5 of the Vaults
 51308 | Vaults:5 | Noticed an ancient lich
 51311 | Vaults:5 | Noticed a dread lich
 51320 | Vaults:4 | Reached XP level 23. HP: 160/194 MP: 23/23
 51361 | Vaults:4 | Received a gift from Trog
 51463 | Vaults:4 | Killed a dread lich
 51551 | Vaults:5 | Killed an ancient lich
 52316 | Depths:4 | Bought the ring of Zuliobbe {^Contam rPois rF- Will++
                  | rCorr} for 612 gold pieces
 52316 | Depths:4 | Bought the amulet "Ketiaqad" {Faith rF++ rN+ Dex-2 SInv}
                  | for 1236 gold pieces
 53155 | Vaults:5 | Received a gift from Trog
 53265 | Vaults:5 | Noticed an ancient lich
 53280 | Vaults:5 | Killed an ancient lich
 53561 | Vaults:5 | Noticed a dread lich
 53586 | Vaults:5 | Killed a dread lich
 53729 | Vaults:5 | Identified the +0 leather armour "Pakiut Okle" {+Inv Dex+3}
 53777 | Vaults:5 | Got a silver rune of Zot
 53788 | Vaults:5 | Found the +10 dark maul {heavy}
 53800 | Vaults:5 | Identified the +7 great sword of the Thirsty Yaks {freeze,
                  | rElec rN+ Will+}
 53975 | Vaults:5 | Identified the ring "Camea" {rElec rN+ rCorr Str+6 Dex+2}
 54014 | Vaults:5 | Identified the +11 war axe "Hierah" {flame, Dex+5} (Trog
                  | gifted it to you on level 5 of the Vaults)
 54014 | Vaults:5 | Received a gift from Trog
 54135 | Vaults:5 | Noticed an ancient lich
 54147 | Vaults:5 | Killed an ancient lich
 54414 | Vaults:5 | Acquired the +1 pair of boots "Coiryumm" {rElec Will+++
                  | Int-3 Stlth-}
 54525 | Vaults:5 | Noticed an ancient lich
 54538 | Vaults:5 | Killed an ancient lich
 54594 | Vaults:5 | Identified the ring "Adwy" {*Slow rPois MP+9 Dex+5 Slay+3}
 54781 | Vaults:5 | Reached XP level 24. HP: 197/206 MP: 23/23
 54793 | Vaults:5 | Received a gift from Trog
 55399 | Lair:5   | Found a staircase to the Slime Pits.
 55424 | Slime:1  | Entered Level 1 of the Pits of Slime
 55679 | Slime:4  | Noticed Dissolution
 55697 | Slime:4  | Killed Dissolution
 55762 | Slime:5  | Entered Level 5 of the Pits of Slime
 56014 | Slime:5  | Paralysed by a formless jellyfish for 1 turns
 56124 | Slime:5  | Noticed the Royal Jelly
 56135 | Slime:5  | Killed the Royal Jelly
 56286 | Slime:5  | Received a gift from Trog
 56322 | Slime:5  | Identified the ring of the Feeding Saviour {Str-5 Int+2
                  | Slay+2 SInv Stlth+}
 56326 | Slime:5  | Got a slimy rune of Zot
 56328 | Slime:5  | Identified the amulet "Upnacoh" {Faith Dex+3}
 56453 | Slime:1  | Gained mutation: You have a somewhat thin skeletal
                  | structure. (Dex +2, Stealth+) [a shining eye]
 57407 | Hell     | Entered the Vestibule of Hell
 57414 | Hell     | Noticed Geryon
 57467 | Hell     | Killed Geryon
 57589 | Hell     | Found a gateway to the freezing wastes of Cocytus.
 57738 | Hell     | Received a gift from Trog
 57746 | Hell     | Found a gateway to the Iron City of Dis.
 57964 | Hell     | Found a gateway to the ashen valley of Gehenna.
 58212 | Hell     | Found a gateway to the decaying netherworld of Tartarus.
 58365 | Hell     | Gained mutation: You have a moderately thin skeletal
                  | structure. (Dex +4, Stealth++) [mutagenic glow]
 58462 | Pan      | Entered Pandemonium
 59163 | Pan      | Noticed Syloutso the pandemonium lord
 59182 | Pan      | Killed Syloutso the pandemonium lord
 59875 | Pan      | Reached XP level 25. HP: 194/217 MP: 23/23
 59961 | Pan      | Noticed Cixej the pandemonium lord
 59993 | Pan      | Killed Cixej the pandemonium lord
 59993 | Pan      | Received a gift from Trog
 61055 | Pan      | Got a demonic rune of Zot
 61130 | Pan      | Received a gift from Trog
 61212 | Pan      | Entered the realm of Gloorx Vloq.
 61636 | Pan      | Received a gift from Trog
 62291 | Pan      | Noticed Gloorx Vloq
 62306 | Pan      | Killed Gloorx Vloq
 62608 | Pan      | Got a dark rune of Zot
 63054 | Pan      | Entered the realm of Mnoleg.
 63069 | Pan      | Received a gift from Trog
 63173 | Pan      | Noticed Mnoleg
 63451 | Pan      | Reached XP level 26. HP: 183/230 MP: 23/23
 63459 | Pan      | Received a gift from Trog
 63677 | Pan      | Gained mutation: Your magical capacity is low. (-10% MP) [a
                  | cacodemon]
 63774 | Pan      | Killed Mnoleg
 63917 | Pan      | Got a glowing rune of Zot
 64010 | Pan      | Entered the realm of Lom Lobon.
 64202 | Pan      | Noticed Lom Lobon
 64239 | Pan      | Killed Lom Lobon
 64254 | Pan      | Got a magical rune of Zot
 64520 | Pan      | Received a gift from Trog
 64988 | Pan      | Entered the realm of Cerebov.
 65107 | Pan      | Found an exit through the horrors of the Abyss.
 65231 | Pan      | Received a gift from Trog
 65274 | Pan      | Identified the +2 ring mail of the Komodo Dragon {rN++}
 65799 | Pan      | Identified the +1 flail of Mandamus {flame, rN+ Dex+4 SInv}
 65831 | Pan      | Identified the +0 scale mail of the Sun {Will+ rCorr}
 65842 | Pan      | Identified the amulet of Pual {Reflect rF++ Dex+3 SH+5}
 65907 | Pan      | Identified the ring of Xom's Malicious Joy {rPois Will-
                  | MP+9 Str+2 Int+2}
 65913 | Pan      | Identified the ring "Secveotob" {Fly rCorr Int+4 Stlth+}
 65918 | Pan      | Identified the orb of Farfalle {*Rage, Rampage rF- Stlth+}
 66040 | Pan      | Identified the +8 shortbow of the Poles {freeze, Dex+4}
 66298 | Pan      | Found the +6 sword of Cerebov {flame}
 66298 | Pan      | Noticed Cerebov
 66380 | Pan      | Killed Cerebov
 66659 | Pan      | Got a fiery rune of Zot
 66763 | Pan      | Took an exit into the Abyss.
 66763 | Abyss:2  | Escaped into the Abyss
 66822 | Abyss:2  | Found a corrupted altar of Lugonu.
 66837 | Abyss:2  | Found a corrupted altar of Lugonu.
 67101 | Abyss:4  | Received a gift from Trog
 67127 | Abyss:4  | Got an abyssal rune of Zot
 67217 | Depths:2 | Escaped the Abyss
 67259 | Dis:1    | Entered Level 1 of the Iron City of Dis
 67302 | Dis:1    | Gained mutation: You can speak a Word of Chaos. [demonic
                  | ancestry]
 67302 | Dis:1    | Reached XP level 27. HP: 151/246 MP: 20/20
 68627 | Dis:3    | Received a gift from Trog
 70335 | Dis:4    | Reached skill level 27 in Fighting
 71479 | Dis:6    | Reached skill level 10 in Dodging
 71922 | Dis:7    | Entered Level 7 of the Iron City of Dis
 74137 | Dis:7    | Received a gift from Trog
 74414 | Dis:7    | Noticed Dispater
 74466 | Dis:7    | Noticed a juggernaut
 74473 | Dis:7    | Identified the staffcold "Denuvion" {rC+ Will- Summ Necro
                  | Ice}
 74476 | Dis:7    | Identified the +7 scale mail of Compassion {rPois}
 74480 | Dis:7    | Got an iron rune of Zot
 74664 | Tar:1    | Entered Level 1 of Tartarus
 74939 | Tar:4    | Noticed an ancient lich
 74948 | Tar:4    | Killed an ancient lich
 75301 | Tar:5    | Noticed a dread lich
 75321 | Tar:5    | Killed a dread lich
 75694 | Tar:5    | You fall into a shaft and drop 1 floor!
 75791 | Tar:6    | Noticed an ancient lich
 75810 | Tar:6    | Killed an ancient lich
 75811 | Tar:6    | Reached skill level 15 in Dodging
 75876 | Tar:6    | Received a gift from Trog
 76109 | Tar:7    | Entered Level 7 of Tartarus
 77087 | Tar:7    | Noticed Ereshkigal
 77123 | Tar:7    | Killed Ereshkigal
 77197 | Tar:7    | Got a bone rune of Zot
 77437 | Coc:1    | Entered Level 1 of Cocytus
 77921 | Coc:2    | You are sucked into a shaft and drop 1 floor!
 78313 | Coc:4    | Paralysed by a wendigo for 1 turns
 79203 | Coc:5    | Received a gift from Trog
 79299 | Coc:5    | Noticed a dread lich
 79318 | Coc:5    | Killed a dread lich
 79693 | Coc:6    | Gained mutation: Your health recovers twice as slowly from
                  | being drained. [mutagenic glow]
 79721 | Coc:6    | Gained mutation: Your magical capacity is very low. (-20%
                  | MP) [mutagenic glow]
 80253 | Coc:7    | Entered Level 7 of Cocytus
 80266 | Coc:7    | Paralysed by a wendigo for 1 turns
 80350 | Coc:7    | Paralysed by a wendigo for 1 turns
 80373 | Coc:7    | Paralysed by a wendigo for 1 turns
 80378 | Coc:7    | Paralysed by a wendigo for 1 turns
 80475 | Coc:7    | Noticed the Serpent of Hell
 80526 | Coc:7    | Killed the Serpent of Hell
 80588 | Coc:7    | Paralysed by a wendigo for 1 turns
 81068 | Coc:7    | Received a gift from Trog
 81990 | Coc:7    | Noticed Antaeus
 82032 | Coc:7    | Killed Antaeus
 82313 | Coc:7    | Got an icy rune of Zot
 82343 | Coc:7    | Identified the staffalchemy of Resourcefulness {rPois rF+
                  | Dex+4 Alchemy}
 82374 | Coc:7    | Identified the +1 rapier of the Walnut {freeze, rC+ rN+}
 82392 | Coc:7    | Identified the ring "Milim" {rElec rPois rF+ Int-3 Dex+3}
 82642 | Geh:1    | Entered Level 1 of Gehenna
 82662 | Hell     | Lost mutation: Your health recovers twice as slowly from
                  | being drained. [potion of mutation]
 82662 | Hell     | Lost mutation: Your magical capacity is very low. (-20% MP)
                  | [potion of mutation]
 82662 | Hell     | Lost mutation: Your magical capacity is low. (-10% MP)
                  | [potion of mutation]
 82662 | Hell     | Gained mutation: Your body sometimes deteriorates upon
                  | taking damage. [potion of mutation]
 83098 | Geh:2    | You fall into a shaft and drop 2 floors!
 83115 | Geh:4    | Received a gift from Trog
 84091 | Geh:7    | Entered Level 7 of Gehenna
 84213 | Geh:7    | Received a gift from Trog
 84765 | Geh:7    | Found the +13 sceptre of Asmodeus
 84765 | Geh:7    | Noticed Asmodeus
 84785 | Geh:7    | Killed Asmodeus
 84799 | Geh:7    | Got an obsidian rune of Zot
 85295 | Crypt:1  | Entered Level 1 of the Crypt
 85367 | Crypt:1  | Received a gift from Trog
 86329 | Crypt:2  | Acquired 819 gold pieces
 86347 | Crypt:2  | Received a gift from Trog
 86452 | Crypt:2  | Identified the ring of Lisso Zoer {rF+ rC+ Str-2 SInv}
 86471 | Crypt:2  | Found a transporter.
 86475 | Crypt:2  | Found a shimmering blue altar of Sif Muna.
 86475 | Crypt:2  | Noticed a dread lich
 86524 | Crypt:2  | Noticed a dread lich
 86535 | Crypt:2  | Killed a dread lich
 86908 | Crypt:2  | Killed a dread lich
 86908 | Crypt:2  | Received a gift from Trog
 87080 | Crypt:2  | Found a transporter.
 87158 | Crypt:3  | Entered Level 3 of the Crypt
 87268 | Crypt:3  | Acquired 390 gold pieces
 87304 | Crypt:3  | Found a basalt altar of Yredelemnul.
 87449 | Crypt:3  | Received a gift from Trog
 87593 | Crypt:3  | Found a staircase to the Tomb.
 87593 | Crypt:3  | Noticed Jory
 87614 | Crypt:3  | Killed Jory
 87763 | Crypt:3  | Identified the staffdeath of the First Thickets {rC+ rN+
                  | rCorr Str-3 Necro Alchemy}
 87812 | Crypt:3  | Noticed Margery
 87823 | Crypt:3  | Killed Margery
 87947 | Crypt:3  | Identified the staffearth of Wrath {rPois Will+ Int-3
                  | Earth}
 88046 | Crypt:3  | Received a gift from Trog
 88334 | Tomb:1   | Entered Level 1 of the Tomb of the Ancients
 88845 | Tomb:1   | Noticed a royal mummy
 88875 | Tomb:1   | Killed a royal mummy
 89968 | Tomb:1   | Received a gift from Trog
 90345 | Tomb:2   | Noticed a royal mummy
 90351 | Tomb:2   | Noticed a royal mummy
 90454 | Tomb:2   | Killed a royal mummy
 90470 | Tomb:2   | Noticed a royal mummy
 90487 | Tomb:2   | Killed a royal mummy
 90807 | Tomb:2   | Killed a royal mummy
 90811 | Tomb:2   | Noticed a royal mummy
 90819 | Tomb:2   | Killed a royal mummy
 91417 | Tomb:2   | Identified the +2 broad axe of Dalown {heavy, Str+6} (Trog
                  | gifted it to you on level 2 of the Tomb of the Ancients)
 91417 | Tomb:2   | Received a gift from Trog
 91846 | Tomb:3   | Entered Level 3 of the Tomb of the Ancients
 91848 | Tomb:3   | Noticed a royal mummy
 91867 | Tomb:3   | Noticed a royal mummy
 91870 | Tomb:3   | Noticed a royal mummy
 91871 | Tomb:3   | Noticed a royal mummy
 91872 | Tomb:3   | Noticed a royal mummy
 91880 | Tomb:3   | Got a golden rune of Zot
 92806 | Zot:1    | Entered Level 1 of the Realm of Zot
 92942 | Zot:1    | Noticed an orb of fire
 92956 | Zot:1    | Gained mutation: Your body often deteriorates upon taking
                  | damage. [an orb of fire]
 92970 | Zot:1    | Killed an orb of fire
 93091 | Zot:1    | Identified the ring of Loremeif {Ice Int+3}
 93091 | Zot:1    | Noticed Josephina
 93122 | Zot:1    | Killed Josephina
 93479 | Zot:1    | Identified the +2 chain mail of Lesser Demons {rElec rN++
                  | Regen+ Slay-4}
 93506 | Zot:1    | Received a gift from Trog
 94313 | Zot:2    | Found a transporter.
 94530 | Zot:2    | Found a transporter.
 94535 | Zot:2    | Found a transporter.
 94820 | Zot:2    | Found a transporter.
 95058 | Zot:3    | Received a gift from Trog
 95942 | Zot:3    | Received a gift from Trog
 96101 | Zot:3    | Found Xonloown's CLEARANCE SALE!.
 96951 | Zot:5    | Entered Level 5 of the Realm of Zot
 97491 | Zot:5    | Noticed an orb of fire
 97500 | Zot:5    | Noticed an orb of fire
 97501 | Zot:5    | Noticed an orb of fire
 97505 | Zot:5    | Noticed an orb of fire
 97505 | Zot:5    | Noticed an orb of fire
 97512 | Zot:5    | Killed an orb of fire
 97514 | Zot:5    | Noticed an orb of fire
 97514 | Zot:5    | Noticed an orb of fire
 97514 | Zot:5    | Noticed an orb of fire
 97521 | Zot:5    | Gained mutation: You are weak. (Str -2) [an orb of fire]
 97525 | Zot:5    | Killed an orb of fire
 97526 | Zot:5    | Killed an orb of fire
 97533 | Zot:5    | Killed an orb of fire
 97538 | Zot:5    | Killed an orb of fire
 97543 | Zot:5    | Killed an orb of fire
 97547 | Zot:5    | Killed an orb of fire
 97558 | Zot:5    | Killed an orb of fire
 97762 | Zot:5    | Noticed an orb of fire
 97763 | Zot:5    | Noticed an orb of fire
 97771 | Zot:5    | Killed an orb of fire
 97772 | Zot:5    | Reached skill level 27 in Axes
 97779 | Zot:5    | Noticed a dread lich
 97782 | Zot:5    | Killed an orb of fire
 97809 | Zot:5    | Killed a dread lich
 97889 | Zot:5    | Received a gift from Trog
 97994 | Zot:5    | Got the Orb of Zot
 98213 | Depths:1 | Noticed Ceaqaituwn the pandemonium lord
 98400 | D:10     | Noticed Zasch the pandemonium lord
 98412 | D:10     | Killed Zasch the pandemonium lord
 98436 | D:10     | Noticed a seraph
 98627 | D:$      | Escaped with the Orb!

Illustrated notes

Levels and vault maps discovered:
D:1:      dpeg_arrival_pits, layout_basic, serial_glass, glass_columns_b,
          glass_columns_a, due_unseen_surprise, item_on_display_a,
          feat_on_display, serial_shops, nicolae_shop_mannequins,
          hangedman_decor_push, bh_walls_and_bars
D:2:      layout_loops_corners, patterned_corridor
D:3:      layout_basic, mainiacjoe_overflow_alcove_2, amcnicky_mini_pool_small,
          grunt_decor_arrowhead, minmay_misc_feat_room
D:4:      layout_layer_cave, chequers_temple_overflow_minitemple, serial_shops,
          shop, uniq_crazy_yiuf_cottage, uniq_sigmund, uniq_eustachio
D:5:      layout_rooms, gup_ossuary_entry_pyramid, hangedman_decor_slide_cut
D:6:      layout_rooms, minmay_temple_entry_water_ring, uniq_grinder,
          uniq_edmund, uniq_prince_ribbit1, uniq_jeremiah, uniq_blork_the_orc
D:7:      layout_gridville, moated_statue, uniq_pikel
D:8:      layout_rooms, nrook_uturn, hellmonk_guarded_unrand_gong
D:9:      layout_long_grid, nicolae_sif_muna_condensation
D:10:     layout_loops_corners, old_standard_altar, lair_entry_dummy,
          ploomutoo_gammafunk_ghost_potion_laboratory, minivault_27,
          hangedman_tell_no_tales
D:11:     layout_rooms
D:12:     layout_cave_pods, david_orc_4, ebering_ghost_xom, serial_shops,
          shop_fountains, xom_redecorated, uniq_lodul
D:13:     layout_cave_pools, serial_library_regret_index_headful, uniq_nessos,
          uniq_sonja, uniq_urug
D:14:     layout_gridville, ximxim_vaults_locker_room
D:15:     gammafunk_enter_depths_forms, layout_basic, serial_shops,
          nicolae_inconvenience_store, minmay_misc_feat_cross, uniq_azrael,
          uniq_rupert
Lair:1:   layout_layer_cave
Lair:2:   layout_roguey, beast_lair_carwin_2, grunt_megastairs_2
Lair:3:   layout_hall_layers, minmay_swamp_entry_eels,
          spider_nest_entry_web_field, grunt_megastairs_1
Lair:4:   layout_concentric_octagons, basic_altar,
          chequers_serial_rivers_small_3, grunt_megastairs_5,
          infiniplex_staircase_pool
Lair:5:   hangedman_lair_tendril_chambers, layout_regular_city,
          minmay_slime_entry_oklob_enclosed, infiniplex_staircase_pool_2
Swamp:1:  layout_falls_marsh, evilmike_swamp_ruin_house_4, swamp_pool_4,
          nicolae_swamp_fairy_circle, uniq_nikola
Swamp:2:  layout_basic_swamp, nicolae_swamp_treefoil, uniq_frances
Swamp:3:  layout_basic_swamp, nicolae_swamp_tree_isthmus, swamp_pool_3
Swamp:4:  swamp_basic_johnstein, layout_basic_swamp, swamp_pool_4,
          nicolae_swamp_bunyip_nook
Spider:1: layout_spider_delve, nicolae_spider_undead_wolf_pack
Spider:2: layout_spider_delve
Spider:3: layout_spider_delve
Spider:4: hellmonk_spider_rune_endless_swarm, ebering_ghost_inner_flame,
          nicolae_spider_swamp_cousins
Slime:1:  layout_caves, cheibrodos_slime_lost_civilization_6
Slime:2:  layout_caves
Slime:3:  layout_caves
Slime:4:  layout_caves, uniq_dissolution
Slime:5:  slime_pit_nicolae_jellycorners
Orc:1:    layout_caves, serial_shops, shop, david_defended_altar_orc,
          uniq_harold
Orc:2:    st_orc_pillars, layout_caves, gammafunk_ghost_cemetery, basic_altar
Elf:1:    kennysheep_spiral_hall, layout_geoelf_grid, gammafunk_ghost_arena,
          minmay_elf_necromancy, hangedman_elven_pyramids
Elf:2:    elven_hall_of_blades_hangedman_alternative [nicolae_blade_tridents],
          layout_onion_city, nicolae_shop_gadgets, lemuel_upstairs_altar,
          uniq_asterion
Elf:3:    minmay_elf_hall_x, layout_geoelf_diagonals, minmay_misc_feat_five
Vaults:1: v_alt_pattern_4, nicolae_vaults_twisting_passages,
          nicolae_vaults_lightning_bolt, nicolae_vaults_circle_grid_b,
          nicolae_vaults_network_square, nicolae_vaults_shrinking_rooms_1,
          v_pattern_4, v_misc_16, nicolae_vaults_weapon_check,
          hangedman_vaults_river_flow, nicolae_vaults_trapezoid_lopsided_3,
          nicolae_vaults_trapezoid_2, nicolae_vaults_trapezoid_lopsided_1,
          nicolae_vaults_house_1, nicolae_vaults_diamond_2, serial_ice_h,
          layout_vaults_maze_snakey
Vaults:2: mu_enter_wizlab_1, nicolae_vaults_good_morning_starshine,
          vaults_mumra_chevron, nicolae_vaults_network_quinsquares
          [nicolae_vaults_network_quincunx_subvault,
          nicolae_vaults_network_quincunx_subvault,
          nicolae_vaults_network_quincunx_subvault,
          nicolae_vaults_network_quincunx_subvault],
          vaults_standard_mumra_enter_the_diamond,
          nicolae_vaults_trapezoid_lopsided_3, nicolae_vaults_diamond_1,
          nicolae_vaults_storage_closets_2, nicolae_vaults_little_ls,
          vaults_dpeg_diagonal, vaults_dpeg_cross, layout_vaults_chaotic_city,
          serial_shops, shop, uniq_norris, uniq_xtahua, uniq_mara
Vaults:3: nicolae_vaults_big_angled_halls, v_misc_9,
          nicolae_vaults_puzzle_piece, nicolae_vaults_doubleplus_tesselated,
          minmay_crypt_entry_necro_gods, v_misc_14, ontoclasm_vaults_ring_small,
          ontoclasm_vaults_ligature, nicolae_vaults_diamond_2,
          nicolae_vaults_trapezoid_1, nicolae_vaults_sesquioval_fish,
          nicolae_vaults_double_plus_1, nicolae_vaults_closet_pinwheel_1,
          nicolae_vaults_tetromino_T_2, nicolae_vaults_double_plus_3,
          layout_vaults_big_cross
Vaults:4: nicolae_vaults_door_testing_chamber, vaults_mumra_hexcomb,
          v_alt_pattern_6, nicolae_vaults_frosty_reception,
          ontoclasm_vaults_pinch, nicolae_vaults_trapezoid_1,
          nicolae_vaults_layer_cake_slice, nicolae_vaults_alarming,
          nicolae_vaults_rhombus_7, nicolae_vaults_shelves_hall,
          nicolae_vaults_diamond_1, layout_vaults_omnigrid
Vaults:5
Crypt:1:  layout_chaotic_city, nicolae_crypt_smalloseum
Crypt:2:  gammafunk_sealed_library, layout_misc_corridors
Crypt:3:  grunt_crypt_end_deaths_head, uniq_margery
Tomb:1
Tomb:2
Tomb:3
Depths:1: layout_cave_pools, enter_ziggurat_d, grunt_mini_vestibule, drop_trap,
          chequers_serial_rivers_micro_a, minmay_the_grid_square_5x5_3x3_mashed
          [minmay_the_grid_square_5x5_v, minmay_the_grid_square_5x5_mess,
          minmay_the_grid_square_5x5_shrine1,
          minmay_the_grid_square_5x5_two_walls_a,
          minmay_the_grid_square_5x5_megaprize_open,
          minmay_the_grid_square_5x5_one_wall, minmay_the_grid_square_5x5_c,
          minmay_the_grid_square_5x5_minibox,
          minmay_the_grid_square_5x5_percent], infiniplex_staircase_pool_lava
Depths:2: cheibrodos_poisonous_passages, layout_honeycomb,
          grunt_pan_entry_zigzag, hell_entry, grunt_dithmenos_smoke,
          infiniplex_staircase_split_hallway, uniq_boris
Depths:3: minmay_outward_triangles, layout_basic, abyss_entry, elyvilon_altar_4,
          pf_vacation_house_of_asmodeus, kennysheep_small_spiral,
          grunt_megastairs_3, serial_bayou_shore_b
Depths:4: evilmike_zot_entry_basic, layout_basic, hell_entry,
          kiku_gazebo_garden_becter, serial_sigils_hangedman_shear,
          serial_bayou_shore_b, minmay_shoptagon, uniq_grunn
Hell
Dis:1:    layout_jigsaw
Dis:2:    layout_jigsaw
Dis:3:    hangedman_dis_monolith, layout_regular_city,
          nicolae_dis_distal_crystal
Dis:4:    layout_subdivisions
Dis:5:    layout_subdivisions, nicolae_hells_fiendish_ambush
Dis:6:    layout_subdivisions
Dis:7:    dis_grunt_layers
Geh:1:    layout_gehenna_pools_triple
Geh:2:    layout_gehenna_lava_caves, nicolae_geh_single_fiery_grave
Geh:4:    layout_gehenna_lava_caves, evilmike_ambush
          [evilmike_ambush_outer_corners, evilmike_ambush_inner_pond]
Geh:5:    layout_gehenna_pools_triple, tekkud_geh_sculpture_garden
Geh:6:    layout_gehenna_pools_basic
Geh:7:    geh_hangedman
Coc:1:    layout_cocytus_water_paths
Coc:2:    layout_ice_bergs
Coc:3:    layout_ice_bergs
Coc:4:    layout_cocytus_water_paths
Coc:5:    layout_ice_bergs
Coc:6:    layout_cocytus_water_paths
Coc:7:    coc_grunt_cove [coc_grunt_cove_antaeus, coc_grunt_cove_fiend,
          coc_grunt_cove_fiend, coc_grunt_cove_fiend, coc_grunt_cove_fiend]
Tar:1:    layout_grid_maze
Tar:2:    layout_grid_maze
Tar:3:    layout_grid_maze, nicolae_tar_cuneiform_heaven,
          nicolae_tar_cuneiform_two
Tar:4:    layout_honeycomb
Tar:5:    nicolae_tar_entranced, layout_cathedral_of_symmetry
Tar:6:    nicolae_tar_tart_auras, layout_cathedral_of_symmetry
Tar:7:    tar_mu [tar_mu_maze]
Zot:1:    layout_concentric_octagons, uniq_josephina
Zot:2:    layout_basic, nicolae_transporter_circle
Zot:3:    lemuel_draconian_sentries, layout_misc_corridors,
          regret_index_zotdec_bone_old, regret_index_zotdec_split_disrupt,
          nicolae_shop_clearance
Zot:4:    layout_concentric_octagons, st_stairs_4
Zot:5:    layout_misc_corridors, st_stairs_13, skrybe_zot_glass_2

Skill      XL: |  1  2  3  4  5  6  7  8  9 10 11 12 13 14 15 16 17 18 19 20 21 22 23 24 25 26 27 |
---------------+----------------------------------------------------------------------------------+-----
Axes           | 3 4 5 6 8 10 11 13 14 16 17 18 27 | 27.0
Shields        | 1 2 3 5 6 7 9 10 11 12 14 16 17 18 19 20 21 22 | 22.0
Fighting       | 3 4 5 6 7 9 12 14 15 17 19 20 22 23 26 27 | 27.0
Armour         | 4 6 7 9 10 12 14 15 16 17 19 20 21 22 24 25 | 25.3
Evocations     | 6 10 12 14 15 21 | 21.0
Dodging        | 6 9 25 | 25.1
Throwing       | |  1.7

Action                     |  1- 3 |  4- 6 |  7- 9 | 10-12 | 13-15 | 16-18 | 19-21 | 22-24 | 25-27 || total
---------------------------+-------+-------+-------+-------+-------+-------+-------+-------+-------++-------
  Melee: War axe           |    54 |    91 |   120 |       |       |       |       |       |       ||   265
         Headbutt          |       |    17 |    53 |   193 |   381 |   430 |   403 |   673 |  2243 ||  4393
         Hand axe          |       |       |   118 |   753 |    96 |     9 |       |       |       ||   976
         Broad axe         |       |       |       |       |  1296 |  1510 |  1442 |  1911 |  5939 || 12098
  Throw: Dart              |       |       |       |       |     2 |       |       |       |     1 ||     3
 Invoke: Berserk           |       |       |     6 |    17 |    30 |    22 |    16 |    14 |    16 ||   121
         Trog's Hand       |       |       |       |     2 |     8 |     4 |    10 |     5 |    64 ||    93
         Brothers in Arms  |       |       |       |       |     3 |     4 |     4 |     3 |    17 ||    31
Ability: Word of Chaos     |       |       |       |       |       |       |       |       |     6 ||     6
  Evoke: Wand              |       |     3 |       |       |     2 |    14 |     4 |     4 |    36 ||    63
         Phial of floods   |       |       |       |       |       |       |     1 |       |       ||     1
         Tin of tremorston |       |       |       |       |       |       |       |       |     5 ||     5
         Horn of Geryon    |       |       |       |       |       |       |       |       |     5 ||     5
         Lightning rod     |       |       |       |       |       |       |       |       |     5 ||     5
         Sack of spiders   |       |       |       |       |       |       |       |       |     3 ||     3
    Use: Scroll            |       |     6 |     1 |     4 |    25 |     8 |     8 |    18 |    76 ||   146
         Potion            |       |       |       |     1 |     6 |     3 |     3 |     3 |    62 ||    78
   Stab: Paralysed         |       |     4 |       |       |     2 |     3 |       |       |       ||     9
         Sleeping          |       |       |     1 |       |       |     3 |       |       |     2 ||     6
         Petrified         |       |       |       |       |     7 |    13 |       |       |       ||    20
         Distracted        |       |       |       |       |     3 |     4 |     2 |       |    17 ||    26
         Petrifying        |       |       |       |       |     1 |     2 |       |       |       ||     3
         Confused          |       |       |       |       |       |     4 |       |       |     2 ||     6
         Invisible         |       |       |       |       |       |       |       |       |    27 ||    27
 Armour: Leather armour    |    33 |    12 |   116 |    50 |       |       |       |       |       ||   211
         Chain mail        |       |    55 |       |     9 |   384 |       |   416 |       |       ||   864
         Acid dragon scale |       |       |       |    63 |     3 |       |       |       |       ||    66
         Ring mail         |       |       |       |       |    92 |   388 |       |       |       ||   480
         Swamp dragon scal |       |       |       |       |       |   261 |    34 |       |       ||   295
         Crystal plate arm |       |       |       |       |       |       |   179 |   391 |       ||   570
         Storm dragon scal |       |       |       |       |       |       |       |   243 |  1923 ||  2166
  Dodge: Dodged            |    24 |    33 |    94 |    61 |   177 |   392 |   300 |   320 |  1456 ||  2857
         Repelled          |       |       |       |       |     4 |       |    21 |       |       ||    25
  Block: Buckler           |     9 |    41 |   128 |    54 |       |       |       |       |       ||   232
         Kite shield       |       |       |       |   751 |  1699 |  1603 |  1310 |  1367 |  4900 || 11630

Table legend: (Time is in decaauts)
 A = Elapsed time spent in this place.
 B = Non-inter-level travel time spent in this place.
 C = Inter-level travel time spent in this place.
 D = Time resting spent in this place.
 E = Time spent auto-exploring this place.
 F = Levels seen in this place.
 G = Mean time per level.
                   A        B        C        D        E       F      G
               +--------+--------+--------+--------+--------+-----+--------+
         Total |  95264 |  85059 |  10205 |   7393 |  55613 | 102 |  934.0 |
       Dungeon |  17901 |  14596 |   3305 |   1763 |   9710 |  15 | 1193.4 |
          Lair |   6464 |   5501 |    963 |    243 |   4135 |   5 | 1292.8 |
         Swamp |   3677 |   3390 |    287 |    372 |   2084 |   4 |  919.2 |
   Spider Nest |   4001 |   3738 |    263 |    185 |   2448 |   4 | 1000.2 |
    Slime Pits |    958 |    907 |     51 |      0 |    462 |   5 |  191.6 |
  Orcish Mines |   3713 |   3075 |    638 |    745 |   1384 |   2 | 1856.5 |
   Elven Halls |   4088 |   3861 |    227 |    127 |   2603 |   3 | 1362.7 |
        Vaults |   9832 |   7904 |   1928 |    350 |   5567 |   5 | 1966.4 |
         Crypt |   2832 |   2478 |    354 |      0 |   1850 |   3 |  944.0 |
          Tomb |   3787 |   3583 |    204 |    635 |   2247 |   3 | 1262.3 |
        Depths |   5476 |   4543 |    933 |    187 |   3141 |   4 | 1369.0 |
          Hell |   1736 |   1551 |    185 |    486 |    787 |   1 | 1736.0 |
           Dis |   6975 |   6821 |    154 |    643 |   4542 |   7 |  996.4 |
       Gehenna |   1789 |   1742 |     47 |    242 |    954 |   6 |  298.2 |
       Cocytus |   4695 |   4508 |    187 |    462 |   2976 |   7 |  670.7 |
      Tartarus |   2470 |   2232 |    238 |     30 |   1688 |   7 |  352.9 |
           Zot |   4792 |   4558 |    234 |     26 |   3597 |   5 |  958.4 |
         Abyss |    971 |    971 |      0 |    134 |    345 |   4 |  242.8 |
   Pandemonium |   7359 |   7359 |      0 |    650 |   4067 |  10 |  735.9 |
       Ossuary |    532 |    532 |      0 |      0 |    380 |   1 |  532.0 |
        Wizlab |   1208 |   1208 |      0 |    107 |    641 |   1 | 1208.0 |
               +--------+--------+--------+--------+--------+-----+--------+

Top non-repeatable levels by time:
    D:12: 2863 daAuts
   Dis:7: 2738 daAuts
   Orc:1: 2277 daAuts
Vaults:4: 2144 daAuts
   Coc:7: 2087 daAuts
  Tomb:1: 2085 daAuts
Vaults:5: 2011 daAuts
Vaults:2: 1947 daAuts
Vaults:3: 1880 daAuts
    D:15: 1867 daAuts
Vaults:1: 1847 daAuts
    D:14: 1822 daAuts
    Hell: 1736 daAuts
  Tomb:2: 1676 daAuts
    D:10: 1615 daAuts
